 Dungeon Crawl Stone Soup version 0.17.2-1-ge4368a0 (webtiles) character file.

236 magog001 the Sneak (level 5, -6/34 HPs)
             Began as a Vampire Assassin on Oct 20, 2016.
             Killed by nerve-wracking pain
             ... invoked by Grinder
              (8 damage)
             ... on level 3 of the Dungeon.
             The game lasted 00:20:42 (3365 turns).

magog001 the Sneak (Vampire Assassin)               Turns: 3365, Time: 00:20:43

Health: -6/34      AC:  4    Str: 10    XL:     5   Next: 77%
Magic:  0/5        EV: 13    Int: 13    God:
Gold:   45         SH:  0    Dex: 17    Spells: 0 memorised, 4 levels left

rFire  . . .     SeeInvis +     b - +1 blowgun
rCold  + . .     Clarity  .     n - +0 robe (curse)
rNeg   + + .     SustAt   .     (no shield)
rPois  +         Gourm    .     (no helmet)
rElec  .         Spirit   +     y - +0 cloak
rCorr  .         Warding  .     z - +0 pair of gloves
rMut   .         Stasis   .     (no boots)
MR     .....                    k - amulet of guardian spirit
Stlth  +++++.....               (no ring)
                                (no ring)

@: very slightly contaminated, regenerating slowly, invisible, not resistant to
hostile enchantments, quite stealthy
A: fangs 3, see invisible, breathe flames 1, frail 1, poison resistance,
unbreathing, evolution 1
a: Bat Form, Breathe Fire


You were on level 3 of the Dungeon.
You were thirsty.

You visited 1 branch of the dungeon, and saw 3 of its levels.

You collected 45 gold pieces.

Inventory:

Hand Weapons
 a - a +2 dagger
 b - a +1 blowgun (weapon)
 r - a +3 whip
 s - a +0 short sword of protection
 t - a +0 dagger
Missiles
 e - 15 poisoned needles (quivered)
 f - 2 curare-tipped needles
 i - 29 arrows
Armour
 n - a cursed +0 robe (worn)
 y - a +0 cloak (worn)
 z - a +0 pair of gloves (worn)
Jewellery
 k - an amulet of guardian spirit (around neck)
Scrolls
 h - a scroll of identify
 l - a scroll of magic mapping
 m - a scroll of fear
Potions
 g - 12 potions of blood
 p - a potion of invisibility


   Skills:
 + Level 2.1 Fighting
 + Level 2.5 Short Blades
 + Level 0.4 Maces & Flails
 + Level 3.3 Throwing
 + Level 2.4 Dodging
 + Level 7.8 Stealth


You had 4 spell levels left.
You didn't know any spells.

Dungeon Overview and Level Annotations

Branches:
Dungeon (3/15)

Altars:
Fedhas
Kikubaaqudgha
Okawaru

Annotations:
D:3 Grinder


Innate Abilities, Weirdness & Mutations

You heal slowly.
You have razor-sharp teeth.
You have supernaturally acute eyesight.
You can survive without breathing.
You can breathe flames.
You are frail (-10% HP).
Your system is resistant to poisons.
You evolve.


Message History

You assume a fearsome visage.
Grinder is unaffected.
Grinder gestures at you.
You suddenly lose the ability to move!
Grinder gestures at you.
You struggle to resist.
Grinder hits you but does no damage. Grinder hits you.
* * * LOW HITPOINT WARNING * * *
Grinder hits you. x2
* * * LOW HITPOINT WARNING * * *
You can move again.
b - a +1 blowgun (weapon)
Firing (i - inventory. (,) - cycle):
e - 16 poisoned needles (quivered)
Press: ? - help, Shift-Dir - straight line, f - Grinder
Aim: Grinder (lightly wounded)
You shoot a poisoned needle. The poisoned needle hits Grinder!
Grinder is lightly wounded.
Grinder gestures at you. Pain shoots through your body!
You die...

#.......# #.#####.# ###
# #.#####.###...#
#########.##...)......#
.............##.###...#
.#####....#####.# .## .#
#.....#####.# .#
.#####..........####.###
...####.########@5.>...#
....# #.# #.###.#.#
....# #.# #.# .#
....###+## #.# .#
.<.###...## #.# .#
#.###.....## #.# ##
#.##.......## #..
#.#.........# #..
..'.........+


You could see Grinder.

Vanquished Creatures
  A big kobold (D:3)
  A giant frog (D:3)
  5 adders
  3 worms
  An orc (D:3)
  2 bats
  2 giant cockroaches
  8 goblins
  2 hobgoblins (D:2)
  7 jackals
  2 kobolds
  A quokka (D:3)
  4 giant newts
  7 rats
  2 plants (D:2)
48 creatures vanquished.

Notes
Turn   | Place    | Note
--------------------------------------------------------------
     0 | D:1      | magog001 the Vampire Assassin began the quest for the Orb.
     0 | D:1      | Reached XP level 1. HP: 16/16 MP: 1/1
    39 | D:1      | Reached skill level 6 in Stealth
   408 | D:1      | Reached XP level 2. HP: 22/22 MP: 2/2
  1243 | D:2      | Found an iron altar of Okawaru.
  1626 | D:2      | Found an ancient bone altar of Kikubaaqudgha.
  1635 | D:2      | Reached XP level 3. HP: 25/27 MP: 3/3
  1869 | D:2      | Reached skill level 7 in Stealth
  2167 | D:2      | Gained mutation: You are frail (-10% HP). [potion of mutation]
  2167 | D:2      | Gained mutation: You can breathe flames. [potion of mutation]
  2167 | D:2      | Gained mutation: You evolve. [potion of mutation]
  2422 | D:3      | Reached XP level 4. HP: 9/29 MP: 4/4
  2602 | D:2      | Gained mutation: Your system is resistant to poisons. [evolution]
  2677 | D:3      | Noticed a giant frog
  2689 | D:3      | Killed a giant frog
  2815 | D:3      | Reached XP level 5. HP: 34/34 MP: 5/5
  2876 | D:3      | Found a blossoming altar of Fedhas.
  2970 | D:3      | Noticed a big kobold
  2984 | D:3      | Killed a big kobold
  3342 | D:3      | Noticed Grinder
  3352 | D:3      | Paralysed by Grinder for 3 turns
  3357 | D:3      | Paralysed by Grinder for 7 turns
  3365 | D:3      | Killed from afar by Grinder

Action                   |  1- 3 |  4- 6 || total
-------------------------+-------+-------++-------
Melee: Short sword       |   133 |       ||   133
       Dagger            |    29 |       ||    29
       Whip              |     1 |    56 ||    57
 Fire: Blowgun           |    73 |     1 ||    74
 Abil: Breathe Fire      |       |     1 ||     1
  Use: Potion            |    10 |     3 ||    13
       Scroll            |     8 |     1 ||     9
 Stab: Sleeping          |    12 |     7 ||    19
       Distracted        |     1 |       ||     1
